[Event "Titled Tuesday Blitz March 07 Early 2023"]
[White "Leve, Nitai"]
[Black "Migot, Tangi"]
[WhiteFideId "2006898"]
[BlackFideId "662445"]
[WhiteElo "2144"]
[BlackElo "2528"]
[Result "0-1"]
[Round "06"]
[TimeControl "180+2"]
[Date "2023.03.07"]
[WhiteClock "0:00:01"]
[BlackClock "0:00:48"]

1. e4 c5 2. Nf3 d6 3. d4 cxd4 4. Qxd4 Bd7 5. c4 f5 6. exf5 Nc6 7. Qe3 Bxf5 8. Bd3 Nf6 9. Bxf5 Qa5+ 10. Nc3 Qxf5 11. O-O e5 12. Nd5 Nxd5 13. cxd5 Nd8 14. Bd2 Be7 15. Rac1 O-O 16. Rc7 Bf6 17. Bb4 e4 18. Bxd6 exf3 19. Bxf8 Kxf8 20. Re1 Nf7 21. Qe6 Qxe6 22. dxe6 Ne5 23. Rxb7 a5 24. b3 a4 25. bxa4 Rxa4 26. Rc1 Ra8 27. gxf3 Nxf3+ 28. Kg2 Ng5 29. Rc6 Re8 30. Rbb6 Bd4 31. Ra6 Ke7 32. f4 Ne4 33. Rc7+ Kf6 34. Rf7+ Kg6 35. Ra4 Nd6 0-1


[Site "https://www.chess.com"]

[Event "Titled Tuesday Blitz March 07 Early 2023"]
[White "Valle Maytin, Luis Enrique"]
[Black "Zarnicki, Pablo"]
[WhiteFideId "3503666"]
[BlackFideId "100137"]
[WhiteElo "2225"]
[BlackElo "2468"]
[Result "0-1"]
[Round "06"]
[TimeControl "180+2"]
[Date "2023.03.07"]
[WhiteClock "0:00:02"]
[BlackClock "0:00:10"]

1. e4 c5 2. Nf3 d6 3. d4 cxd4 4. Nxd4 Nf6 5. Nc3 Nc6 6. Be2 g6 7. Be3 Bg7 8. O-O O-O 9. h3 Nxd4 10. Bxd4 a6 11. a3 b5 12. Qd2 Bb7 13. Bd3 e5 14. Be3 d5 15. exd5 Nxd5 16. Nxd5 Qxd5 17. f3 f5 18. Rad1 Rad8 19. Qf2 Qc6 20. Bb6 Rd7 21. c3 e4 22. Bc2 exf3 23. Rxd7 Qxd7 24. Rd1 Qe6 25. Re1 Qa2 26. Bb1 Qc4 27. gxf3 Bf6 28. Qe3 Qh4 29. Kh2 f4 30. Qe6+ Kg7 31. Rg1 Bxf3 32. Qd7+ Rf7 33. Qe6 Qh5 34. Bd4 Bxd4 35. cxd4 Qh4 36. Bxg6 Qf2+ 0-1


[Site "https://www.chess.com"]

[Event "Titled Tuesday Blitz March 07 Early 2023"]
[White "Reprintsev, Alexander"]
[Black "Garic, Radomir"]
[WhiteFideId "14100541"]
[BlackFideId "920959"]
[WhiteElo "2229"]
[BlackElo "2204"]
[Result "1-0"]
[Round "06"]
[TimeControl "180+2"]
[Date "2023.03.07"]
[WhiteClock "0:01:41"]
[BlackClock "0:01:10"]

1. e4 c5 2. b3 d5 3. exd5 Qxd5 4. Nc3 Qd8 5. Bb2 Nf6 6. Qe2 e6 7. O-O-O Be7 8. Nf3 Nc6 9. Ne4 Nxe4 10. Qxe4 Bf6 11. Bb5 Bxb2+ 12. Kxb2 O-O 13. Bxc6 bxc6 14. Rhe1 a5 15. a4 Ba6 16. d3 Qd5 17. c4 Qd6 18. Qe5 Qe7 19. Re4 Rab8 20. Kc3 Rb7 21. Rde1 Rfb8 22. Nd2 Rd8 23. R1e3 Rbd7 24. Rg3 g6 25. h4 h5 26. Rf3 Rd4 27. g3 R8d7 28. Ref4 Qd8 29. Rxd4 cxd4+ 30. Kc2 Qf8 31. Ne4 1-0


[Site "https://www.chess.com"]

[Event "Titled Tuesday Blitz March 07 Early 2023"]
[White "Vaglio Munoz, Jaime"]
[Black "Gontcharov, Vladislav"]
[WhiteFideId "6500145"]
[BlackFideId "4123492"]
[WhiteElo "2199"]
[BlackElo "2470"]
[Result "0-1"]
[Round "06"]
[TimeControl "180+2"]
[Date "2023.03.07"]
[WhiteClock "0:00:11"]
[BlackClock "0:00:59"]

1. e4 e6 2. d4 d5 3. Bd3 dxe4 4. Bxe4 Nf6 5. Bf3 c5 6. Ne2 Nc6 7. Be3 Nd5 8. O-O Nxe3 9. fxe3 Be7 10. Nd2 O-O 11. c3 Qc7 12. Nf4 cxd4 13. Bxc6 dxc3 14. Be4 cxd2 15. Qxd2 Qb6 16. Rf3 f5 17. Bd3 Bf6 18. Bc4 Rd8 19. Qe2 g6 20. Bb3 Bd7 21. Rd1 Kg7 22. Rg3 Be5 23. Nh5+ Kh8 24. Rh3 Bb5 25. Rxd8+ Rxd8 26. Qf3 Bc6 27. Qe2 Bd5 28. Bxd5 Rxd5 29. Nf4 Bxf4 0-1


[Site "https://www.chess.com"]

[Event "Titled Tuesday Blitz March 07 Early 2023"]
[White "Alahakoon, Isuru"]
[Black "Bilan, Danila"]
[WhiteFideId "9900993"]
[BlackFideId "24161918"]
[WhiteElo "1995"]
[BlackElo "2182"]
[Result "1/2-1/2"]
[Round "06"]
[TimeControl "180+2"]
[Date "2023.03.07"]
[WhiteClock "0:00:08"]
[BlackClock "0:00:04"]

1. Nf3 d5 2. e3 Nf6 3. c4 c6 4. d4 e6 5. Nbd2 Nbd7 6. b3 Bd6 7. Bb2 Qe7 8. Ne5 Ba3 9. Bxa3 Qxa3 10. Bd3 Nxe5 11. dxe5 Nd7 12. f4 Qc5 13. Qe2 f5 14. exf6 Nxf6 15. O-O O-O 16. Kh1 Bd7 17. Nf3 Ng4 18. Bxh7+ Kxh7 19. Ng5+ Kg8 20. Qxg4 Qxe3 21. Qh5 Qd3 22. f5 Rxf5 23. Qh7+ Kf8 24. Rxf5+ Qxf5 25. Qh8+ Ke7 26. Qxa8 Qxg5 27. Qxb7 Qe5 28. Rf1 Qd4 29. Qb8 Be8 30. Qc7+ Bd7 31. Qf4 Qf6 32. Qxf6+ gxf6 33. cxd5 cxd5 34. Rc1 Kd6 35. h4 d4 36. h5 e5 37. h6 Bf5 38. Rf1 Bh7 39. Rxf6+ Kd5 40. Rf7 Bb1 41. Kg1 d3 42. Kf2 Ke4 43. h7 d2 44. Rd7 Bd3 45. h8=Q d1=Q 46. Qh4+ Kf5 47. Qh3+ Ke4 48. Qxd3+ Qxd3 49. Rxd3 Kxd3 50. g4 Kd2 51. Kf3 Kd3 52. Kf2 Kd2 53. Kf3 Kd3 54. Kf2 1/2-1/2


[Site "https://www.chess.com"]

[Event "Titled Tuesday Blitz March 07 Early 2023"]
[White "Gallegos Diaz, Carlos Alberto"]
[Black "Kozin, Yuri"]
[WhiteFideId "3900886"]
[BlackFideId "4129920"]
[WhiteElo "2362"]
[BlackElo "2502"]
[Result "0-1"]
[Round "06"]
[TimeControl "180+2"]
[Date "2023.03.07"]
[WhiteClock "0:00:33"]
[BlackClock "0:01:01"]

1. e4 c5 2. Nf3 e6 3. d3 d5 4. Nbd2 Nf6 5. Be2 Nc6 6. O-O Be7 7. c3 O-O 8. Re1 b5 9. exd5 Nxd5 10. a3 a6 11. Bf1 Bb7 12. Ne4 b4 13. Bd2 bxa3 14. bxa3 Rc8 15. Rb1 Ba8 16. Qa4 Nc7 17. Bf4 h6 18. Ne5 Nd5 19. Bg3 f5 20. Nxc6 Bxc6 21. Qxa6 fxe4 22. dxe4 Nxc3 23. Rbc1 Nxe4 24. Rxe4 Bxe4 25. Qxe6+ Kh8 26. Qxe4 c4 27. Bd3 cxd3 0-1


[Site "https://www.chess.com"]

[Event "Titled Tuesday Blitz March 07 Early 2023"]
[White "Harriott, Tyrell"]
[Black "UNSTOPPABLE_LEGEND"]
[WhiteFideId "2086484"]
[WhiteElo "2107"]
[BlackElo "2501"]
[Result "1-0"]
[Round "06"]
[TimeControl "180+2"]
[Date "2023.03.07"]
[WhiteClock "0:02:13"]
[BlackClock "0:01:51"]

1. d4 Nf6 2. e3 g6 3. Bd3 Bg7 4. f4 O-O 5. f5 d5 6. fxg6 hxg6 7. Nf3 c5 8. c3 Nc6 9. O-O e5 10. Ng5 cxd4 11. exd4 exd4 12. Qe1 Ne4 13. Bxe4 dxe4 14. Qh4 Qxg5 15. Bxg5 Bf5 16. Kh1 Rfe8 17. cxd4 Nxd4 18. Nc3 e3 19. Nd5 e2 20. Nf6+ Kf8 21. Qxd4 exf1=Q+ 22. Rxf1 Bh8 23. Bh6+ Bg7 24. Qd6+ Re7 25. Bxg7+ Kxg7 26. Qxe7 1-0


[Site "https://www.chess.com"]

[Event "Titled Tuesday Blitz March 07 Early 2023"]
[White "Estrada Nieto, Julian"]
[Black "Matveeva, Olga"]
[WhiteFideId "5101018"]
[BlackFideId "24107018"]
[WhiteElo "2176"]
[BlackElo "2056"]
[Result "1-0"]
[Round "06"]
[TimeControl "180+2"]
[Date "2023.03.07"]
[WhiteClock "0:00:18"]
[BlackClock "0:00:37"]

1. e4 e6 2. d4 d5 3. Nd2 c5 4. exd5 Qxd5 5. Ngf3 cxd4 6. Bc4 Qd6 7. O-O Nf6 8. Nb3 Nc6 9. Nbxd4 Nxd4 10. Nxd4 Be7 11. c3 O-O 12. Qf3 Qc5 13. Bb3 a5 14. a4 Bd7 15. Be3 Qc7 16. Rfe1 Rfd8 17. Bf4 Qb6 18. Be5 Bc6 19. Qg3 Bd5 20. Bc7 Qc5 21. Bxd8 Rxd8 22. Bxd5 Nxd5 23. Rxe6 Bf6 24. Ree1 g6 25. Rad1 Bg7 26. Nb5 Rf8 27. Qg5 1-0


[Site "https://www.chess.com"]

[Event "Titled Tuesday Blitz March 07 Early 2023"]
[White "Rostomyan, Mikayel"]
[Black "Erzhanov, Arman"]
[WhiteFideId "13313754"]
[BlackFideId "4138821"]
[WhiteElo "2009"]
[BlackElo "2138"]
[Result "0-1"]
[Round "06"]
[TimeControl "180+2"]
[Date "2023.03.07"]
[WhiteClock "0:00:30"]
[BlackClock "0:00:47"]

1. e4 d6 2. d4 Nf6 3. Nc3 c6 4. Nf3 Bg4 5. Be2 e6 6. O-O d5 7. h3 Bh5 8. exd5 cxd5 9. Ne5 Bxe2 10. Nxe2 Nc6 11. Nxc6 bxc6 12. Nf4 Bd6 13. Nd3 O-O 14. c3 a5 15. Bg5 h6 16. Bxf6 Qxf6 17. Qe2 a4 18. b4 axb3 19. axb3 Rfb8 20. b4 Qd8 21. Qb2 Rxa1 22. Rxa1 Ra8 23. Ra3 Qb8 24. Qa2 Rxa3 25. Qxa3 Qb5 26. Nc5 Qe2 27. g3 Kh7 28. Qc1 Qf3 29. Qb1+ g6 30. Qd3 Qxd3 31. Nxd3 Kg7 32. f4 g5 33. fxg5 hxg5 34. Kf2 f6 35. Kf3 e5 36. dxe5 fxe5 37. Kg4 Kg6 38. h4 gxh4 39. gxh4 e4 40. Nf4+ Kf6 41. b5 Bxf4 0-1


[Site "https://www.chess.com"]

[Event "Titled Tuesday Blitz March 07 Early 2023"]
[White "surrenderPLS"]
[Black "Melikhov, Evgeny V."]
[BlackFideId "4122046"]
[WhiteElo "2495"]
[BlackElo "2158"]
[Result "1-0"]
[Round "06"]
[TimeControl "180+2"]
[Date "2023.03.07"]
[WhiteClock "0:01:58"]
[BlackClock "0:01:51"]

1. e4 e5 2. Nf3 Nc6 3. Nc3 Nf6 4. Be2 d5 5. exd5 Nxd5 6. O-O Nxc3 7. bxc3 Bd6 8. d4 O-O 9. Rb1 Rb8 10. Re1 e4 11. Ng5 f5 12. Bc4+ Kh8 13. Qh5 h6 14. Qg6 1-0


[Site "https://www.chess.com"]

[Event "Titled Tuesday Blitz March 07 Early 2023"]
[White "TimGrutter03"]
[Black "Dwilewicz, Katarzyna"]
[BlackFideId "1148486"]
[WhiteElo "2490"]
[BlackElo "2065"]
[Result "1-0"]
[Round "06"]
[TimeControl "180+2"]
[Date "2023.03.07"]
[WhiteClock "0:00:12"]
[BlackClock "0:00:10"]

1. e4 c5 2. Nf3 d6 3. d4 cxd4 4. Nxd4 Nf6 5. Nc3 a6 6. h4 e5 7. Nb3 Be7 8. f4 Nc6 9. f5 b5 10. Bg5 Bb7 11. a3 h6 12. Bxf6 Bxf6 13. g3 O-O 14. Nd5 Rc8 15. Qd2 Nd4 16. Nxd4 exd4 17. O-O-O Be5 18. g4 Rc5 19. g5 Bxd5 20. exd5 d3 21. Bxd3 Rxd5 22. gxh6 Qf6 23. c3 gxh6 24. Qg2+ Kh8 25. Qxd5 Bxc3 26. bxc3 Qxc3+ 27. Kb1 b4 28. Bc2 Qxa3 29. Qd4+ f6 30. Qb2 Qa5 31. Rxd6 Qc5 32. Rxf6 Kh7 33. Rxf8 Qxf8 34. f6+ 1-0


[Site "https://www.chess.com"]

[Event "Titled Tuesday Blitz March 07 Early 2023"]
[White "Balla, Tamas-Kristof"]
[Black "Fathy, Elameir"]
[WhiteFideId "1208497"]
[BlackFideId "10600396"]
[WhiteElo "2334"]
[BlackElo "2311"]
[Result "0-1"]
[Round "06"]
[TimeControl "180+2"]
[Date "2023.03.07"]
[WhiteClock "0:00:11"]
[BlackClock "0:00:09"]

1. e4 c6 2. d4 d5 3. exd5 cxd5 4. c4 Nf6 5. Nc3 Nc6 6. Bg5 dxc4 7. d5 Ne5 8. Qd4 h6 9. Qxe5 hxg5 10. Bxc4 g4 11. O-O-O Qd6 12. Qd4 a6 13. Nge2 g6 14. h3 gxh3 15. gxh3 Bg7 16. Qe3 Bh6 17. f4 Bf5 18. Rhf1 Rc8 19. Bb3 b5 20. a3 a5 21. Kd2 b4 22. Nb5 Qa6 23. Ned4 Bd7 24. d6 e6 25. Nc7+ Rxc7 26. dxc7 a4 27. Bc2 b3 28. Bd3 Qa5+ 29. Kc1 Qxc7+ 30. Kb1 O-O 31. Rc1 Qb6 32. Rg1 Kg7 33. Qe5 Qb8 34. Qxb8 Rxb8 35. f5 e5 36. Ne2 Bxc1 37. fxg6 Bh6 38. gxf7+ Kxf7 39. Bg6+ Ke7 40. Bh5 Bf5+ 41. Ka1 Nxh5 42. Nc3 Rc8 43. Nd5+ Kd6 44. Nb6 Rc1+ 45. Rxc1 Bxc1 46. Nxa4 e4 47. Nc3 e3 48. Ne2 Bd2 49. a4 Bd3 50. a5 Bxe2 51. a6 Bxa6 52. Kb1 e2 53. Ka1 e1=Q# 0-1


[Site "https://www.chess.com"]

[Event "Titled Tuesday Blitz March 07 Early 2023"]
[White "Womacka, Mathias"]
[Black "Sovetbekova, Nurai"]
[WhiteFideId "4611390"]
[BlackFideId "13801910"]
[WhiteElo "2377"]
[BlackElo "1857"]
[Result "1-0"]
[Round "06"]
[TimeControl "180+2"]
[Date "2023.03.07"]
[WhiteClock "0:00:31"]
[BlackClock "0:00:06"]

1. e4 c5 2. Nf3 d6 3. d4 cxd4 4. Nxd4 Nf6 5. Nc3 a6 6. Be2 e5 7. Nb3 Be7 8. O-O O-O 9. Kh1 Be6 10. f4 exf4 11. Bxf4 Nc6 12. Qe1 Ne5 13. Rd1 Qc7 14. Qg3 b5 15. a3 Kh8 16. Nd4 Rad8 17. Nf5 Bxf5 18. exf5 g6 19. Bg5 Qa7 20. Qh4 Ned7 21. Bd3 Kg8 22. Rde1 Rde8 23. Rxe7 Rxe7 24. Bxf6 Nxf6 25. Qxf6 Rfe8 26. fxg6 fxg6 27. Qxd6 Re1 28. Qf4 Qe7 29. Nd5 Qe5 30. Qf7+ Kh8 31. Nf6 Rxf1+ 32. Bxf1 Qe7 33. Qxe8+ 1-0


[Site "https://www.chess.com"]

[Event "Titled Tuesday Blitz March 07 Early 2023"]
[White "Szente Varga, Fruzsina"]
[Black "Khamdamova, Afruza"]
[WhiteFideId "712264"]
[BlackFideId "14210444"]
[WhiteElo "1994"]
[BlackElo "2210"]
[Result "0-1"]
[Round "06"]
[TimeControl "180+2"]
[Date "2023.03.07"]
[WhiteClock "0:00:06"]
[BlackClock "0:00:28"]

1. e4 c5 2. Nf3 e6 3. b3 Nc6 4. Bb2 Nf6 5. e5 Nd5 6. Bb5 Be7 7. O-O O-O 8. d3 f6 9. Bxc6 bxc6 10. c4 Nf4 11. Qd2 Ng6 12. exf6 Bxf6 13. Bxf6 Qxf6 14. Nc3 d5 15. Na4 Nf4 16. Rfd1 Nxg2 17. Kxg2 Qxf3+ 18. Kg1 Rf4 19. Qe3 Rg4+ 20. Kf1 Qxe3 21. fxe3 Bd7 22. Nxc5 Rf8+ 23. Ke1 Bc8 24. Kd2 Rf2+ 25. Kc3 Rxh2 26. a4 Re2 27. e4 h5 28. Re1 Rxe1 29. Rxe1 dxe4 30. Nxe4 h4 31. Kd4 h3 32. Rh1 Rg2 33. Ke5 h2 34. d4 g5 35. Nd6 g4 36. Nxc8 g3 37. Ne7+ Kf7 38. Nxc6 Rg1 39. Nd8+ Ke7 40. Rxg1 hxg1=Q 41. Nxe6 Qe3+ 42. Kd5 Qxe6+ 43. Kc5 Qd6+ 44. Kb5 Qxd4 0-1


[Site "https://www.chess.com"]

[Event "Titled Tuesday Blitz March 07 Early 2023"]
[White "Tsatsalashvili, Keti"]
[Black "Abdilkhair, Abilmansur"]
[WhiteFideId "13603434"]
[BlackFideId "13716417"]
[WhiteElo "2220"]
[BlackElo "2216"]
[Result "0-1"]
[Round "06"]
[TimeControl "180+2"]
[Date "2023.03.07"]
[WhiteClock "0:00:06"]
[BlackClock "0:00:05"]

1. d4 Nf6 2. c4 e6 3. Nf3 d5 4. Bg5 Be7 5. e3 O-O 6. Nc3 c6 7. Bd3 dxc4 8. Bxc4 b5 9. Bd3 Bb7 10. O-O a6 11. Rc1 Nbd7 12. Qe2 c5 13. Rfd1 c4 14. Bb1 h6 15. Bh4 Rc8 16. e4 Nh5 17. Bxe7 Qxe7 18. Ne5 Nf4 19. Qe3 Nxe5 20. dxe5 Qg5 21. g3 Nh3+ 22. Kg2 Qxe3 23. fxe3 Ng5 24. h4 Nh7 25. Rd6 Rc6 26. Rcd1 Rfc8 27. Rd8+ Nf8 28. a3 Kh7 29. h5 g6 30. g4 R6c7 31. Kg3 Rxd8 32. Rxd8 Nd7 33. Ne2 Nxe5 34. hxg6+ Nxg6 35. Nf4 Nxf4 36. Kxf4 c3 37. bxc3 Rxc3 38. Rd7 Bc6 39. Rxf7+ Kg8 40. Rc7 Rc1 41. Bd3 Rc3 42. Be2 a5 43. e5 b4 44. axb4 axb4 45. Rc8+ Kg7 46. Rc7+ Kf8 47. e4 b3 48. Bb5 b2 49. Bxc6 b1=Q 50. Rc8+ Ke7 51. Rc7+ Kd8 52. Rd7+ Kc8 53. Rd6 Qf1# 0-1


[Site "https://www.chess.com"]

[Event "Titled Tuesday Blitz March 07 Early 2023"]
[White "Bettalli, Francesco"]
[Black "Smith, Garrett L"]
[WhiteFideId "2816453"]
[BlackFideId "2024829"]
[WhiteElo "2216"]
[BlackElo "2278"]
[Result "1-0"]
[Round "06"]
[TimeControl "180+2"]
[Date "2023.03.07"]
[WhiteClock "0:00:11"]
[BlackClock "0:00:02"]

1. d4 Nf6 2. Nc3 d5 3. Bf4 e6 4. Nb5 Na6 5. e3 Be7 6. a3 O-O 7. Bd3 c5 8. Nf3 Ne4 9. Bxe4 dxe4 10. Ne5 f6 11. Nc4 cxd4 12. Qxd4 e5 13. Qxd8 Rxd8 14. Bg3 Nc5 15. O-O Be6 16. b3 Rd7 17. Rfd1 Rad8 18. Rxd7 Rxd7 19. Nxa7 Bxc4 20. bxc4 Rd2 21. Rc1 Na4 22. Nb5 Nb6 23. Nc3 Nxc4 24. Nxe4 Rd8 25. Kf1 Bxa3 26. Ra1 Bb2 27. Ra7 b5 28. Ke2 f5 29. Nc5 Rd2+ 30. Kf3 g5 31. h3 e4+ 32. Nxe4 fxe4+ 33. Kxe4 Rxc2 34. Kf5 Rc3 35. Rb7 Rb3 36. Kxg5 Kf8 37. Rxh7 b4 38. Rb7 Nd2 39. Rxb4 Rxb4 40. Bd6+ Kg7 41. Bxb4 Ne4+ 42. Kf5 Nxf2 43. e4 Nd3 44. Bd6 Kf7 45. e5 Bc3 46. e6+ Ke8 47. h4 Bg7 48. g4 Nf2 49. g5 Nd3 50. h5 Bf8 51. Bxf8 Kxf8 52. h6 Nc5 53. h7 Kg7 54. e7 1-0


[Site "https://www.chess.com"]

[Event "Titled Tuesday Blitz March 07 Early 2023"]
[White "Omariev, Maksim"]
[Black "Zaichenko, Daria"]
[WhiteFideId "4193423"]
[BlackFideId "4197453"]
[WhiteElo "2467"]
[BlackElo "2039"]
[Result "1-0"]
[Round "06"]
[TimeControl "180+2"]
[Date "2023.03.07"]
[WhiteClock "0:00:19"]
[BlackClock "0:01:06"]

1. h4 d5 2. h5 e5 3. h6 Nxh6 4. d4 exd4 5. Bxh6 gxh6 6. Qxd4 Rg8 7. Nc3 Be6 8. O-O-O Bg7 9. Qd3 Bxc3 10. Qxc3 Nc6 11. Nf3 Qe7 12. e4 dxe4 13. Bb5 Bd7 14. Rxd7 Qxd7 15. Ne5 Qe6 16. Nxc6 Kf8 17. Nd4 Qe5 18. Bc4 c5 19. Ne6+ 1-0


[Site "https://www.chess.com"]

[Event "Titled Tuesday Blitz March 07 Early 2023"]
[White "Grunberg, Mihai-Lucian"]
[Black "De Souza, Cristiano Gomes"]
[WhiteFideId "1204149"]
[BlackFideId "2151758"]
[WhiteElo "2363"]
[BlackElo "2068"]
[Result "1-0"]
[Round "06"]
[TimeControl "180+2"]
[Date "2023.03.07"]
[WhiteClock "0:01:30"]
[BlackClock "0:00:16"]

1. e4 c5 2. Nf3 d6 3. Nc3 Nc6 4. d4 cxd4 5. Nxd4 Nf6 6. Bc4 g6 7. f3 Bg7 8. Be3 O-O 9. Qd2 Bd7 10. O-O-O a5 11. h4 h5 12. g4 a4 13. gxh5 Nxh5 14. a3 Qa5 15. Kb1 Rfc8 16. Nxc6 Rxc6 17. Qd5 Qxd5 18. Bxd5 Rxc3 19. bxc3 Bxc3 20. Bd4 Bxd4 21. Rxd4 Kg7 22. Rb4 Bc6 23. c4 Nf4 24. Rd1 Ne2 25. Kb2 Rh8 26. Rb6 Rxh4 27. Bxc6 bxc6 28. Rxc6 Rh2 29. Rd2 f5 30. exf5 gxf5 31. Ra6 Kf6 32. Rxa4 Ke5 33. Ra7 e6 34. a4 Kf4 35. a5 Ke3 36. Rc2 Kxf3 37. Rd7 Rh8 38. Rxd6 e5 39. Rd5 e4 40. Rxf5+ Ke3 41. Rd5 Nf4 42. Rd1 Nd3+ 43. Kc3 Ra8 44. Ra1 Kf4 45. a6 Ke5 46. a7 Nc5 47. Rb2 e3 48. Rb8 Ne4+ 49. Kd3 1-0


[Site "https://www.chess.com"]

[Event "Titled Tuesday Blitz March 07 Early 2023"]
[White "Fajdetic, Hrvoje"]
[Black "Hernandez Sanchez, Elvis De La Caridad"]
[WhiteFideId "14501945"]
[BlackFideId "6400353"]
[WhiteElo "2185"]
[BlackElo "2461"]
[Result "0-1"]
[Round "06"]
[TimeControl "180+2"]
[Date "2023.03.07"]
[WhiteClock "0:00:28"]
[BlackClock "0:00:28"]

1. d4 Nf6 2. Bf4 c5 3. e3 Nd5 4. Bg3 cxd4 5. exd4 e6 6. c3 Be7 7. Bd3 O-O 8. Nf3 f5 9. h3 b6 10. Qe2 Bb7 11. Nbd2 Nc6 12. Nc4 Rc8 13. Nce5 Nxe5 14. Nxe5 Bf6 15. f4 Bxe5 16. Qxe5 Qf6 17. Qxf6 Nxf6 18. Kf2 Be4 19. Rad1 Bxd3 20. Rxd3 Ne4+ 21. Kf3 d5 22. Rc1 b5 23. Be1 Kf7 24. g4 g6 25. Rc2 Rc6 26. Rd1 Rg8 27. Rdc1 h5 28. b3 Rgc8 29. Ke3 Rh8 30. Kf3 hxg4+ 31. hxg4 Rh3+ 32. Kg2 fxg4 33. c4 bxc4 34. bxc4 Ra3 35. cxd5 Rxc2+ 36. Rxc2 exd5 37. Bb4 Rd3 38. Bc5 a6 39. Rb2 Ke6 40. Rb6+ Kf5 41. Rxa6 Kxf4 42. Rxg6 Rd2+ 43. Kf1 Kf3 44. Ke1 Re2+ 45. Kd1 Nc3+ 46. Kc1 Nxa2+ 47. Kd1 Nc3+ 48. Kc1 g3 49. Rf6+ Ke4 50. Rg6 g2 0-1


[Site "https://www.chess.com"]

[Event "Titled Tuesday Blitz March 07 Early 2023"]
[White "Bozorov, Makhsum"]
[Black "Mim, Akter"]
[WhiteFideId "14201330"]
[BlackFideId "10263950"]
[WhiteElo "2461"]
[BlackElo "2235"]
[Result "1-0"]
[Round "06"]
[TimeControl "180+2"]
[Date "2023.03.07"]
[WhiteClock "0:02:19"]
[BlackClock "0:02:24"]

1. e4 c5 2. Nf3 e6 3. c3 Nf6 4. e5 Nd5 5. g3 Nc6 6. Bg2 Qc7 7. d4 cxd4 8. cxd4 d6 9. exd6 Bxd6 10. O-O O-O 11. Nbd2 Rd8 12. Ne4 Be7 13. Bg5 h6 14. Bxe7 Qxe7 15. Qb3 1-0


[Site "https://www.chess.com"]

[Event "Titled Tuesday Blitz March 07 Early 2023"]
[White "Sreyas Payyappat"]
[Black "Grabinsky, Vladimir"]
[WhiteFideId "46674969"]
[BlackFideId "14107074"]
[WhiteElo "2083"]
[BlackElo "2027"]
[Result "1-0"]
[Round "06"]
[TimeControl "180+2"]
[Date "2023.03.07"]
[WhiteClock "0:00:31"]
[BlackClock "0:00:52"]

1. e4 e5 2. Nf3 Nc6 3. Bc4 Bc5 4. c3 Nf6 5. d4 exd4 6. e5 d5 7. Bb5 Ne4 8. cxd4 Bb4+ 9. Bd2 Bxd2+ 10. Nbxd2 O-O 11. Bxc6 bxc6 12. Rc1 Rb8 13. b3 Ba6 14. Rxc6 Rb6 15. Qc2 Qd7 16. Rxb6 axb6 17. Nxe4 dxe4 18. Qxe4 Rd8 19. e6 fxe6 20. Ng5 Qxd4 21. Qxe6+ Kh8 22. Nf7+ Kg8 23. Nh6+ Kh8 24. Qg8+ Rxg8 25. Nf7# 1-0


[Site "https://www.chess.com"]

[Event "Titled Tuesday Blitz March 07 Early 2023"]
[White "Bowden, Karl"]
[Black "Tagliati, Eleonore"]
[WhiteFideId "400548"]
[BlackFideId "45172234"]
[WhiteElo "2443"]
[BlackElo "2229"]
[Result "0-1"]
[Round "06"]
[TimeControl "180+2"]
[Date "2023.03.07"]
[WhiteClock "0:00:07"]
[BlackClock "0:00:38"]

1. e4 c5 2. c3 Nf6 3. e5 Nd5 4. d4 cxd4 5. cxd4 d6 6. Nf3 Nc6 7. Bc4 Nb6 8. Bb5 Bg4 9. h3 Bxf3 10. Qxf3 dxe5 11. Bxc6+ bxc6 12. Qxc6+ Qd7 13. Qxd7+ Nxd7 14. dxe5 Nxe5 15. O-O e6 16. Nc3 Bb4 17. Ne4 O-O 18. Bd2 Bxd2 19. Nxd2 Rab8 20. b3 Rfd8 21. Rfd1 Rd3 22. Nc4 Rxd1+ 23. Rxd1 Nxc4 24. bxc4 g6 25. c5 Rc8 26. Rc1 Kf8 27. f4 Ke7 28. Kf2 Kd7 29. Ke3 Kc6 30. Kd4 Rd8+ 31. Ke5 Rd5+ 32. Kf6 Rf5+ 33. Kg7 h5 34. g3 h4 35. gxh4 Rxf4 36. Rc3 e5 37. Re3 e4 38. h5 gxh5 39. Kh6 Kxc5 40. Kxh5 Kd4 41. Re1 e3 42. Kg5 Rf2 43. h4 Rxa2 44. h5 Rg2+ 45. Kf5 Rh2 46. Kg5 Kd3 47. h6 Kd2 48. Ra1 e2 49. Rxa7 Rxh6 50. Rd7+ Kc3 51. Rc7+ Kd4 52. Rd7+ Kc5 53. Re7 Re6 0-1


[Site "https://www.chess.com"]

[Event "Titled Tuesday Blitz March 07 Early 2023"]
[White "Rosh Jain"]
[Black "Aarav Dengla"]
[WhiteFideId "25789465"]
[BlackFideId "45059756"]
[WhiteElo "2233"]
[BlackElo "2285"]
[Result "0-1"]
[Round "06"]
[TimeControl "180+2"]
[Date "2023.03.07"]
[WhiteClock "0:00:03"]
[BlackClock "0:00:13"]

1. e4 c5 2. Nf3 d6 3. d4 cxd4 4. Nxd4 Nf6 5. Nc3 a6 6. Bc4 e6 7. Bb3 Nbd7 8. Bg5 Nc5 9. O-O Be7 10. Bxf6 Bxf6 11. Kh1 O-O 12. f4 b5 13. a3 Bb7 14. Re1 Qb6 15. e5 Be7 16. Qg4 dxe5 17. fxe5 Rad8 18. Rad1 b4 19. axb4 Qxb4 20. h3 h5 21. Qf4 Nxb3 22. cxb3 Bc5 23. Nde2 Qxb3 24. Qg5 Rxd1 25. Rxd1 Qc2 26. Rc1 Qg6 27. Qxg6 fxg6 28. Na4 Be3 29. Rc7 Bd5 30. Nac3 Rd8 31. Re7 Kf8 32. Nxd5 Rxd5 33. Rxe6 Kf7 34. Rxa6 Rxe5 35. Nc3 Bd4 36. Rd6 Re1+ 37. Kh2 Be5+ 38. g3 Bxd6 39. Kg2 Be5 40. Nd5 Bxb2 41. Kf3 Re8 42. Nf4 Bf6 43. Nd3 g5 44. Nf2 g4+ 45. hxg4 hxg4+ 46. Nxg4 g5 47. Nf2 Kg6 48. g4 Be5 49. Nd3 Rf8+ 50. Kg2 Bc7 51. Nc5 Rf4 52. Kh3 Rf3+ 53. Kg2 Rg3+ 54. Kf2 Rxg4 55. Ne6 Rc4 56. Kf3 g4+ 57. Kg2 Kf5 58. Ng7+ Ke4 59. Ne6 Rc2+ 60. Kg1 g3 61. Kf1 g2+ 62. Kg1 Bb6+ 63. Kh2 g1=Q+ 64. Kh3 Qg2+ 65. Kh4 Bf2+ 66. Kh5 Qh3+ 67. Kg6 Qxe6+ 68. Kh7 Rc7+ 69. Kh8 Qe8# 0-1


[Site "https://www.chess.com"]

[Event "Titled Tuesday Blitz March 07 Early 2023"]
[White "Sailer, Mike"]
[Black "Postnikov, Artem"]
[WhiteFideId "2012901"]
[BlackFideId "34153575"]
[WhiteElo "2109"]
[BlackElo "2243"]
[Result "0-1"]
[Round "06"]
[TimeControl "180+2"]
[Date "2023.03.07"]
[WhiteClock "0:00:51"]
[BlackClock "0:00:16"]

1. d4 Nf6 2. Bg5 d5 3. Bxf6 exf6 4. e3 c5 5. dxc5 Nc6 6. Nf3 Bxc5 7. Bb5 O-O 8. O-O Bg4 9. c3 Qb6 10. Qb3 Bxf3 11. gxf3 Ne5 12. Nd2 f5 13. Be2 f4 14. Qxb6 Bxb6 15. exf4 Ng6 16. f5 Nf4 17. Bd1 Rfe8 18. Nb3 Re5 19. f6 gxf6 20. Nd4 Rae8 21. Bb3 Bxd4 22. cxd4 Ne2+ 23. Kh1 Nxd4 24. Rg1+ Kf8 25. Rg4 Nxb3 26. axb3 Re1+ 27. Rxe1 Rxe1+ 28. Kg2 Re2 29. Rd4 Rxb2 30. Rxd5 Rxb3 31. Rd8+ Kg7 32. Rd7 a5 33. h4 h5 0-1


[Site "https://www.chess.com"]

[Event "Titled Tuesday Blitz March 07 Early 2023"]
[White "Kho, Darrell"]
[Black "Mikhalsky, Vladimir"]
[WhiteFideId "1019317"]
[BlackFideId "14144352"]
[WhiteElo "2178"]
[BlackElo "2272"]
[Result "0-1"]
[Round "06"]
[TimeControl "180+2"]
[Date "2023.03.07"]
[WhiteClock "0:00:01"]
[BlackClock "0:01:04"]

1. e4 c5 2. Nf3 Nc6 3. Bb5 g6 4. O-O Bg7 5. Re1 e5 6. Bxc6 bxc6 7. d3 Ne7 8. Nbd2 d6 9. a3 a5 10. Nc4 a4 11. Be3 h6 12. Qd2 Qc7 13. b4 axb3 14. cxb3 d5 15. exd5 cxd5 16. Ncxe5 g5 17. Rac1 O-O 18. Bxc5 g4 19. Bd4 Qa5 20. Nxg4 Qxd2 21. Nxd2 Bxd4 22. Nxh6+ Kg7 23. Rxe7 Kxh6 24. Nf3 Bf6 25. Rc6 Be6 26. Rec7 Rxa3 0-1


[Site "https://www.chess.com"]